 Dungeon Crawl Stone Soup version 0.29-a0-88-g03a7b78be7 (webtiles) character file.

Game seed: 17042658273117603630

232 dmks the Magician (level 6, -5/40 HPs)
             Began as a Djinni Fire Elementalist on Feb 5, 2022.
             Killed by divine providence
             ... invoked by an orc priest
              (11 damage)
             ... on level 4 of the Dungeon.
             The game lasted 00:07:02 (4417 turns).

dmks the Magician (Djinni Fire Elementalist)        Turns: 4417, Time: 00:07:02

Health: -5/40      AC:  3    Str:  7    XL:     6   Next: 25%
Gold:   140        EV: 13    Int: 19    God:
                   SH:  0    Dex: 19

rFire   + + .      SeeInvis .   (no weapon)
rCold   x . .      Faith    .   (no shield)
rNeg    . . .      Spirit   .   a - +0 robe
rPois   ∞          Reflect  .   (no helmet)
rElec   .          Harm     .   (no cloak)
rCorr   .          Rampage  .   b - +0 pair of gloves
Will    .....                   (boots unavailable)
Stlth   ++........              (no amulet)
HPRegen 0.13/turn               i - +6 ring of dexterity
MPRegen 0.00/turn               (no ring)

@: flying
A: sickness immunity, fire resistance 2, cold vulnerability 1, float, innate
caster, HP casting, extra vitality 1
a: no special abilities


You were on level 4 of the Dungeon.
You visited 1 branch of the dungeon, and saw 4 of its levels.

You collected 140 gold pieces.

Inventory:

Hand Weapons
 r - a +0 hand crossbow
   (You found it on level 4 of the Dungeon)
Armour
 a - a +0 robe (worn)
 b - a +0 pair of gloves (worn)
   (You found it on level 1 of the Dungeon)
 m - the +1 chain mail of Jeppef {rPois}
   (You found it on level 2 of the Dungeon)

   rPois:     It protects you from poison.
Jewellery
 i - a +6 ring of dexterity (left hand)
   (You found it on level 2 of the Dungeon)
Scrolls
 c - a scroll of enchant armour {unknown}
 d - 3 scrolls of identify {unknown}
 h - a scroll of enchant weapon {unknown}
 n - a scroll of fog {unknown}
 o - a scroll of teleportation {unknown}
 q - a scroll of torment {unknown}
Potions
 e - a potion of lignification {unknown}
 f - a potion of curing {unknown}
 g - a potion of mutation {unknown}
 j - a potion of haste {@q3}
 k - a potion of cancellation
 l - 2 potions of resistance {unknown}
 p - a potion of magic {unknown}


   Skills:
 - Level 3.3 Dodging
 - Level 2.6 Stealth
 * Level 4.3 Spellcasting


You couldn't memorise any spells.
You knew the following spells:

 Your Spells              Type           Power      Damage    Failure   Level
a - Foxfire               Conj/Fire      80%        2x1d8     2%          1
b - Scorch                Fire           40%        2d7       3%          2
c - Inner Flame           Hex/Fire       20%        N/A       7%          3
d - Conjure Flame         Conj/Fire      20%        6-21      7%          3
e - Flame Wave            Conj/Fire      20%        2d7       22%         4
f - Apportation           Tloc           40%        N/A       2%          1
g - Wereblood             Tmut           20%        N/A       3%          2
Your spell library was empty.

Dungeon Overview and Level Annotations

Branches:
Dungeon (4/15)
 Temple: D:4-7

Altars:
Wu Jian
Zin

Shops:
D:1 *


Innate Abilities, Weirdness & Mutations

You are immune to sickness and miasma.
You are immune to poison.
Your flesh is very heat resistant. (rF++)
You are vulnerable to cold. (rC-)
You float through the air rather than walking.
You learn spells naturally, not from books.
Your magical power is your life essence.
You have superior vitality. (+4 MHP)


Message History

The foxfire hits the hobgoblin.
You kill the hobgoblin!
Found a hand crossbow.
You see here a +0 hand crossbow.
You see here a +0 hand crossbow.
r - a +0 hand crossbow
Found 10 gold pieces.
You now have 140 gold pieces (gained 10).
Things that are here:
a +0 dagger; a goblin skeleton You see here a +0 club.
An orc comes into view. It is wielding a +0 trident.
You conjure some foxfire!
The orc shouts!
You hear a shout! x2; You hear a zap.
You hear a grinding noise.
An orc comes into view. It is wielding a +0 whip.
The foxfire hits the orc.
The orc hits you from afar with a +0 trident.
An orc priest comes into view. It is wielding a +0 flail.
You hear a zap.
You hear a grinding noise.
The orc throws a stone.
The stone hits you but does no damage.
An orc comes into view.
It is wielding a +0 falchion and carrying a wand of digging (3).
The orc closely misses you.
The orc priest shouts!
The orc throws a stone.
The stone hits you but does no damage. The orc barely misses you.
An orc comes into view. It is wielding a +0 club.
The orc hits you from afar with a +0 trident.
The orc throws a stone.
The stone barely misses you.
You hear a zap.
You hear a grinding noise.
The orc zaps a wand.
Some rock shatters into small pieces.
The orc priest calls down the wrath of Beogh upon you.
Beogh smites you!
Unknown command.
The orc priest mumbles some strange prayers to Beogh against you.
Beogh smites you!
* * * LOW HITPOINT WARNING * * *
You hear a shout!
The orc throws a stone.
The stone hits you.
* * * LOW HITPOINT WARNING * * *
You hear a zap.
You hear a grinding noise.
It was a potion of cancellation.
You feel magically purged. The orc barely misses you.
The orc priest calls down the wrath of Beogh upon you.
Beogh smites you!
* * * LOW HITPOINT WARNING * * *
The orc priest invokes the aid of Beogh against you.
Beogh smites you!
You die...

####.#.###.......#
#.............#
#.#####.###+### #.# #.#####
#.# #.)...####
♣♣♣♣.#####)#......###
♣♣P♣♣♣..÷...#.####...##
♣♣.≈..♣..###.#....###..##
♣.≈≈≈P♣♣.♣ #@#..#...##..# #
♣.≈≈≈P♣P.♣ #.##.#....##.####.
♣.P≈P...♣♣ #o##.##....#..#...
#♣♣♣♣P..P♣ #.##..##...##.##..
#.♣♣♣♣♣♣♣####o###..##...#.##.#
#...............##..###.#..#.#
#.###########.#####.....#..#..
#.# #o########.....#o# #.#
#...o....#####.o.#


You could see an orc priest and 2 orcs.

Vanquished Creatures
  A centaur zombie (D:3)
  A bullfrog skeleton (D:4)
  A hound skeleton (D:4)
  7 adders
  2 worms
  3 dart slugs
  An orc (D:3)
  5 endoplasms
  4 giant cockroaches
  10 goblins
  8 hobgoblins
  8 jackals
  7 kobolds
  6 quokkas
  4 ball pythons
  4 bats
  3 frilled lizards
  5 rats
80 creatures vanquished.

Vanquished Creatures (collateral kills)
  4 foxfires (D:4)
4 creatures vanquished.

Vanquished Creatures (others)
  261 foxfires
  5 plants (D:4)
266 creatures vanquished.

Grand Total: 350 creatures vanquished

Notes
Turn   | Place    | Note
-------+----------+-------------------------------------------
     0 | D:1      | dmks the Djinni Fire Elementalist began the quest for the
                  | Orb.
     0 | D:1      | Reached XP level 1. HP: 15/15 MP: 0/0
   181 | D:1      | Reached XP level 2. HP: 21/21 MP: 0/0
   527 | D:1      | Found Rogep's General Store.
   640 | D:1      | Reached XP level 3. HP: 20/25 MP: 0/0
   640 | D:1      | Learned a level 1 spell: Apportation
  1210 | D:1      | Reached skill level 3 in Spellcasting
  1805 | D:2      | Reached XP level 4. HP: 28/31 MP: 0/0
  1980 | D:2      | Found a faded altar of an unknown god.
  2093 | D:2      | Identified the +1 chain mail of Jeppef {rPois}
  2780 | D:3      | Found a glowing silver altar of Zin.
  2783 | D:3      | Found an ornate altar of the Wu Jian Council.
  2996 | D:3      | Reached XP level 5. HP: 33/35 MP: 0/0
  2996 | D:3      | Learned a level 2 spell: Wereblood
  3658 | D:4      | Noticed an ogre
  3708 | D:4      | Reached skill level 4 in Spellcasting
  3708 | D:4      | Reached XP level 6. HP: 16/40 MP: 0/0
  3917 | D:4      | Noticed an ogre
  4417 | D:4      | Killed from afar by an orc priest

Illustrated notes

Levels and vault maps discovered:
D:1:      scummos_arrival_simple_crosswalls, layout_basic, serial_shops,
          nicolae_shop_advertising_works [nicolae_subvault_shop_adworks]
D:2:      layout_basic, basic_ecumenical_altar, nrook_loot_triangle,
          minmay_tetromino_s4
D:3:      layout_loops_ring, mainiacjoe_overflow_catwalk_spiral
D:4:      minmay_evil_eye, layout_basic, nzn_hepliaklqana_mist_gate,
          serial_forest, infiniplex_forest_pool, infiniplex_forest_lined_2,
          infiniplex_forest_clump_tiny, infiniplex_forest_clump_diagonal,
          infiniplex_forest_straight_3, infiniplex_forest_lined_3,
          infiniplex_forest_join, infiniplex_forest_join

Skill      XL: |  1  2  3  4  5 |
---------------+----------------+-----
Stealth        | 2 |  2.6
Spellcasting   | 3 4 |  4.3
Dodging        | 3 |  3.3

Action                   |  1- 3 |  4- 6 || total
-------------------------+-------+-------++-------
Melee: Unarmed           |       |     6 ||     6
       Punch             |       |     1 ||     1
 Cast: Foxfire           |    76 |   103 ||   179
       Scorch            |       |     9 ||     9
  Use: Potion            |       |     1 ||     1
Armor: Robe              |     4 |    18 ||    22
Dodge: Dodged            |    10 |    37 ||    47

Table legend: (Time is in decaauts)
 A = Elapsed time spent in this place.
 B = Non-inter-level travel time spent in this place.
 C = Inter-level travel time spent in this place.
 D = Time resting spent in this place.
 E = Time spent auto-exploring this place.
 F = Levels seen in this place.
 G = Mean time per level.
                   A        B        C        D        E       F      G
               +--------+--------+--------+--------+--------+-----+--------+
         Total |   4416 |   4344 |     72 |    321 |   3249 |   4 | 1104.0 |
       Dungeon |   4416 |   4344 |     72 |    321 |   3249 |   4 | 1104.0 |
               +--------+--------+--------+--------+--------+-----+--------+

Top non-repeatable levels by time:
     D:1: 1422 daAuts
     D:2: 1168 daAuts
     D:3: 1085 daAuts
     D:4: 741 daAuts
